 Dungeon Crawl Stone Soup version 0.26.1-11-gd32895ea62 (webtiles) character file.

Game seed: 295390610133789969

170 vvl the Stinger (level 5, 0/41 HPs)
             Began as a Draconian Venom Mage on July 7, 2021.
             Slain by a bullfrog skeleton (7 damage)
             ... on level 4 of the Dungeon.
             The game lasted 00:05:09 (3057 turns).

vvl the Stinger (Draconian Venom Mage)              Turns: 3057, Time: 00:05:10

Health: 0/41       AC:  6    Str: 11    XL:     5   Next: 25%
Magic:  8/8        EV:  8    Int: 15    God:
Gold:   169        SH: 13    Dex: 12    Spells: 8/9 levels left

rFire    . . .     SeeInvis .   f - +2 short sword (freeze)
rCold    . . .     Faith    .   g - +2 tower shield
rNeg     . . .     Spirit   .   (armour unavailable)
rPois    .         Reflect  .   (helmet restricted)
rElec    .         Harm     .   j - +0 cloak
rCorr    .         Rampage  .   (no gloves)
Will     .....                  (no boots)
Stlth    ++........             (no amulet)
HPRegen  0.13/turn              (no ring)
MPRegen  0.11/turn              (no ring)

@: lethally poisoned (0 -> -2)
A: unfitting armour, cold-blooded, AC +5
a: no special abilities


You were on level 4 of the Dungeon.
You visited 1 branch of the dungeon, and saw 4 of its levels.

You collected 169 gold pieces.

Inventory:

Hand Weapons
 f - a +2 short sword of freezing (weapon)
Armour
 g - a +2 tower shield (worn)
 j - a +0 cloak (worn)
Jewellery
 o - an uncursed ring of poison resistance {unknown}
Scrolls
 a - a scroll of random uselessness {unknown}
 b - 2 scrolls of remove curse {unknown}
 c - a scroll of enchant weapon {unknown}
 d - a scroll of enchant armour {unknown}
 h - 4 scrolls of blinking {unknown}
 i - 3 scrolls of identify {unknown}
 m - a scroll of amnesia {unknown}
 n - 3 scrolls of teleportation {unknown}
Potions
 e - 2 potions of curing
 k - a potion of ambrosia {unknown}
 l - a potion of haste {unknown}


   Skills:
 + Level 1.9 Fighting
 + Level 2.2 Dodging
 - Level 1.7 Stealth
 * Level 2.3 Shields
 + Level 2.6 Spellcasting
 + Level 2.1 Transmutations
 + Level 3.6 Poison Magic


You had 8 spell levels left.
You knew the following spells:

 Your Spells              Type           Power        Failure   Level
a - Sting                 Tmut/Pois      40%          75%         1

Your spell library contained the following spells:

 Spells                   Type           Power        Failure   Level
 Poisonous Vapours        Pois/Air       14%          95%         2
 Ignite Poison            Fire/Tmut/Pois 7%           99%         3
 Mephitic Cloud           Conj/Pois/Air  5%           100%        3
 Olgreb's Toxic Radiance  Pois           13%          100%        4


Dungeon Overview and Level Annotations

Branches:
Dungeon (4/15)
 Temple: D:4-7

Altars:
Cheibriados
Hepliaklqana
Nemelex Xobeh
Okawaru
Sif Muna
Trog
Xom


Innate Abilities, Weirdness & Mutations

Your plain brown scales are hard. (AC +5)
You cannot fit into any form of body armour.
You are cold-blooded and may be slowed by cold attacks.


Message History

You block the adder's attack.
The gnoll hits you from afar with a +0 spear.
* * * LOW HITPOINT WARNING * * *
You climb downwards. 2 skeletons come into view.
Found a sedimented sapphire potion, a dagger and 25 sling bullets.
There is a stone staircase leading up here.
You barely miss the adder. The adder bites you.
* * * LOW HITPOINT WARNING * * *
You are lethally poisoned!
The adder poisons you! The adder bites you.
* * * LOW HITPOINT WARNING * * *
It was a potion of curing.
You feel better. The adder closely misses you. You block the adder's attack.
You completely miss the adder. You block the adder's attack.
You miss the adder. You block the adder's attack. The adder bites you.
* * * LOW HITPOINT WARNING * * *
You are poisoned.
The adder poisons you! The bullfrog skeleton hits you!
You die...

###.... ....
#...... ...#
....... ...
....... ..# # .
.......#..#.#).
...............
.......ZS......
.......@......#
.....Z!...##.##
............#
........#...#
........##....
......... .##(.
......... # #
.........


You could see an adder, a water moccasin skeleton and a bullfrog skeleton.

Vanquished Creatures
  Crazy Yiuf (D:2)
  2 gnolls (D:3)
  5 adders
  An adder skeleton (D:3)
  2 worms
  2 leopard geckos
  A ball python (D:3)
  3 giant cockroaches
  10 goblins
  12 hobgoblins
  3 jackals (D:3)
  A quokka (D:3)
  8 bats
  4 frilled lizards
  6 kobolds
  3 rats
64 creatures vanquished.

Vanquished Creatures (others)
  A wizard (D:3)
1 creature vanquished.

Grand Total: 65 creatures vanquished

Notes
Turn   | Place    | Note
-------+----------+-------------------------------------------
     0 | D:1      | vvl the Draconian Venom Mage began the quest for the Orb.
     0 | D:1      | Reached XP level 1. HP: 14/14 MP: 3/3
   488 | D:1      | Found an iron altar of Okawaru.
   497 | D:1      | Reached XP level 2. HP: 11/22 MP: 5/5
  1145 | D:2      | Found a hazy altar of Hepliaklqana.
  1254 | D:2      | Reached skill level 1 in Fighting
  1254 | D:2      | Reached skill level 1 in Shields
  1254 | D:2      | Reached XP level 3. HP: 24/28 MP: 6/6
  1514 | D:2      | Found a radiant altar of Vehumet.
  1516 | D:2      | Found a stormy altar of Qazlal.
  1516 | D:2      | Found a shimmering altar of Xom.
  1579 | D:2      | Found a shimmering blue altar of Sif Muna.
  1579 | D:2      | Found a glowing silver altar of Zin.
  1579 | D:2      | Found a sparkling altar of Nemelex Xobeh.
  1762 | D:2      | Found a runed translucent door.
  1763 | D:2      | Noticed Crazy Yiuf
  2033 | D:2      | Killed Crazy Yiuf
  2034 | D:2      | Reached XP level 4. HP: 3/35 MP: 7/7
  2648 | D:3      | Found a bloodstained altar of Trog.
  2649 | D:3      | Noticed a wizard
  2655 | D:3      | Killed a wizard
  2818 | D:3      | Reached XP level 5. HP: 41/41 MP: 8/8
  3011 | D:3      | Found a snail-covered altar of Cheibriados.
  3017 | D:3      | Noticed a torpor snail
  3054 | D:4      | HP: 1/41 [adder (4)]
  3057 | D:4      | Slain by a bullfrog skeleton

Illustrated notes

Levels and vault maps discovered:
D:1:      tarquinn_simple_flora_water_e, layout_basic, st_stairs_1,
          okawaru_ov_weapons_minmay
D:2:      layout_loops_ring, lemuel_crystal_altar, hangedman_glass_teeth,
          doesnt_xom_only_xom, uniq_crazy_yiuf_cottage
D:3:      minmay_bubble_buster, layout_basic, cheibriados_altar_2, trog_wizard
D:4:      layout_cave_pools, kennysheep_mini, minmay_temple_entry_antechambers,
          feat_on_display, uniq_ijyb

Skill      XL: |  1  2  3  4 |
---------------+-------------+-----
Fighting       | 1 |  1.9
Shields        | 1 2 |  2.3
Dodging        | 2 |  2.2
Transmutations | 2 |  2.1
Stealth        | |  1.7
Spellcasting   | |  2.6
Poison Magic   | |  3.6

Action                   |  1- 3 |  4- 6 || total
-------------------------+-------+-------++-------
Melee: Spear             |    13 |       ||    13
       Unarmed           |     5 |       ||     5
       Short sword       |    73 |    97 ||   170
       Tailslap          |     7 |     8 ||    15
 Cast: Sting             |     1 |       ||     1
  Use: Potion            |       |     1 ||     1
 Stab: Sleeping          |     2 |     3 ||     5
Armor: Skin              |    20 |    30 ||    50
Dodge: Dodged            |    25 |    26 ||    51
Block: Tower shield      |    40 |    89 ||   129
